Knights vs Spitfire
Created - 20 mars 2014 at 19:03
Goals
|
| Knights |
2 |
0 |
2 |
4 |
| Spitfire |
0 |
1 |
1 |
2 |
|
Shots
|
| Knights |
18 |
12 |
4 |
34 |
| Spitfire |
11 |
8 |
5 |
24 |
|
1st period
1. Knights , Joe Colborne 8 (Unassisted) at 9:19
2. Knights , Darroll Powe 12 (Chris Thorburn, Zbynek Michalek) at 19:32
Penalties :
No Penalty
2nd period
3. Spitfire , Erik Condra 36 (Mathieu Roy, Paul Bissonnette) at 4:40
Penalties :
Sheldon Brookbank (Lon) for Goalie Interference (Minor) at 4:55, Tomas Kundratek (Lon) for Interference (Minor) at 9:04
3rd period
4. Knights , Nathan Gerbe 48 (Darroll Powe) at 10:37
5. Spitfire , Paul Bissonnette 25 (MacGregor Sharp, Erik Condra) at 11:28
6. Knights , Chris Thorburn 40 (Nathan Gerbe, Niklas Hjalmarsson) at 14:59
Penalties :
Erik Condra (Val) for Hooking (Minor) at 0:44, Kris Beech (Val) for Roughing (Minor) at 11:37
Goalie Stats
Jonas Gustavsson (Lon), 22 saves from 24 shots - (0,917), W, 25-16-3, 60:00 minutes
Todd Ford (Val), 30 saves from 34 shots - (0,882), L, 18-15-4, 60:00 minutes
Players Stats for Knights
Player Name G A P +/- PIM S H SB GA TA FO MP PP MP PK MP
------------------------------------------------------------------------------------
A.J. Jenks 0 0 0 0 0 0 1 0 0 0 0/0 9:14 0:00 0:00
Chris Thorburn 1 1 2 2 0 5 1 0 0 1 0/0 20:38 2:14 0:53
Colton Gillies 0 0 0 1 0 1 0 0 0 0 0/1 9:39 0:00 0:00
Darroll Powe 1 1 2 2 0 5 2 0 1 1 12/31 22:36 2:14 1:56
Eric Fehr 0 0 0 -1 0 2 3 0 0 1 0/0 18:47 1:44 1:56
Garnet Exelby 0 0 0 0 0 3 2 0 0 0 0/0 18:39 1:23 2:10
Gustav Nyquist 0 0 0 0 0 0 1 0 1 0 1/1 9:55 0:00 0:00
Joe Colborne 1 0 1 1 0 4 2 0 0 0 0/3 8:57 0:00 0:00
Marco Scandella 0 0 0 0 0 1 4 1 0 0 0/0 18:36 1:23 0:53
Mats Zuccarello 0 0 0 -1 0 0 1 0 1 0 0/0 15:34 1:44 0:00
Mikael Backlund 0 0 0 0 0 2 2 0 0 0 4/4 11:06 0:00 0:51
Nathan Gerbe 1 1 2 2 0 3 0 0 2 0 1/2 20:25 2:14 1:09
Nick Palmieri 0 0 0 0 0 3 1 1 0 0 0/0 11:23 0:00 1:11
Niklas Hjalmarsson 0 1 1 1 0 2 2 3 1 1 0/0 23:17 2:35 1:47
Sheldon Brookbank 0 0 0 2 2 1 2 0 1 1 0/0 23:31 2:35 0:55
Tomas Kundratek 0 0 0 0 2 0 3 0 0 1 0/0 15:07 0:00 0:00
Zack Hamill 0 0 0 -1 0 0 2 0 1 0 4/9 15:32 1:44 0:00
Zbynek Michalek 0 1 1 1 0 2 1 0 0 0 0/0 23:03 0:00 2:11
Players Stats for Spitfire
Player Name G A P +/- PIM S H SB GA TA FO MP PP MP PK MP
------------------------------------------------------------------------------------
Andrew Campbell 0 0 0 -2 0 1 1 0 0 2 0/0 19:13 1:41 1:31
Brad Staubitz 0 0 0 -2 0 1 1 1 0 0 0/2 15:16 0:01 0:12
Danny Syvret 0 0 0 -2 0 0 0 2 1 0 0/0 19:45 1:41 1:31
Denis Shvidki 0 0 0 -2 0 3 1 0 1 1 6/9 23:54 2:00 1:59
Eric Mestery 0 0 0 0 0 0 0 0 0 0 0/0 4:33 0:00 0:00
Erik Condra 1 1 2 2 2 5 2 0 0 1 0/0 18:26 1:57 0:00
Josh Brittain 0 0 0 0 0 0 0 0 0 0 0/0 0:30 0:00 0:00
Keaton Ellerby 0 0 0 -1 0 0 0 1 0 0 0/0 23:08 2:17 2:27
Kris Beech 0 0 0 -2 2 2 0 1 3 0 16/27 22:25 2:00 0:52
MacGregor Sharp 0 1 1 2 0 2 1 0 0 0 6/10 19:59 1:57 1:11
Mathieu Roy 0 1 1 -1 0 1 3 1 0 2 0/0 27:17 2:17 2:27
Matt Delahey 0 0 0 1 0 0 2 1 0 0 0/0 13:26 0:00 0:00
Michael Stone 0 0 0 1 0 1 0 0 0 0 0/0 13:32 0:00 0:00
Patrick Davis 0 0 0 0 0 0 0 0 0 0 0/0 3:05 0:01 0:00
Paul Bissonnette 1 1 2 1 0 3 1 0 0 0 0/0 19:27 1:57 0:25
Radek Smolenak 0 0 0 -2 0 1 1 0 0 0 0/0 13:04 0:00 1:22
Raymond Sawada 0 0 0 -1 0 2 0 0 1 1 0/2 12:10 0:01 0:00
Tim Kennedy 0 0 0 -2 0 1 0 0 0 1 0/0 14:50 2:00 0:23
Tony Lucia 0 0 0 0 0 1 1 1 0 0 1/1 12:00 0:00 1:32
3 Stars
1 - Darroll Powe (Lon)
2 - Chris Thorburn (Lon)
3 - Nathan Gerbe (Lon)
Power Play
Knights - 0 on 2 Attempt(s) - 0,00%
Spitfire - 0 on 3 Attempt(s) - 0,00%
Penalty Kill
Knights - 3 on 3 Attempt(s) - 100,00%
- Score 0 goal in Penalty Kill
Spitfire - 2 on 2 Attempt(s) - 100,00%
- Score 0 goal in Penalty Kill
Official
Referees : Walkom Stephen and Hebert Ghislain
Linesman : Steve Miller and Don Henderson
Game Notes
9:19 of 1st period - Penalty Shot by Joe Colborne for Knights - Goal!
Finance
Level 1 -- Attendance: 1342 (67,10%) -- Ticket Income 46 970 $
Level 2 -- Attendance: 693 (69,30%) -- Ticket Income 10 395 $
Total Attendance: 2035 (67,83%)
Total Ticket Income: 57 365 $
Other Income: 2 868 $
Total Income: 60 233 $
Knights
5 vs 5 Forward
Center Left Wing Right Wing Time % Phy DF OF
1 Darroll Powe Nathan Gerbe Chris Thorburn 40 1 2 2
2 Zack Hamill Mats Zuccarello Eric Fehr 30 1 2 2
3 Mikael Backlund A.J. Jenks Gustav Nyquist 15 1 2 2
4 Joe Colborne Colton Gillies Nick Palmieri 15 1 2 2
5 vs 5 Defense
Defense Defense Time % Phy DF OF
1 Sheldon Brookbank Zbynek Michalek 40 1 3 1
2 Marco Scandella Niklas Hjalmarsson 30 1 3 1
3 Garnet Exelby Tomas Kundratek 20 1 3 1
4 Zbynek Michalek Niklas Hjalmarsson 10 1 2 2
PowerPlay Forward
Center Left Wing Right Wing Time % Phy DF OF
1 Darroll Powe Nathan Gerbe Chris Thorburn 60 1 0 4
2 Zack Hamill Mats Zuccarello Eric Fehr 40 0 0 5
PowerPlay Defense
Defense Defense Time % Phy DF OF
1 Niklas Hjalmarsson Sheldon Brookbank 60 1 1 3
2 Marco Scandella Garnet Exelby 40 1 1 3
Penalty Kill 4 Players Forward
Center Wing Time % Phy DF OF
1 Darroll Powe Eric Fehr 60 1 3 1
2 Chris Thorburn Nick Palmieri 40 1 3 1
Penalty Kill 4 Players Defense
Defense Defense Time % Phy DF OF
1 Sheldon Brookbank Zbynek Michalek 60 1 4 0
2 Garnet Exelby Niklas Hjalmarsson 40 1 4 0
Penalty Kill - 3 Players Forward
Forward Time % Phy DF OF
1 Eric Fehr 60 0 4 1
2 Darroll Powe 40 0 4 1
Penalty Kill - 3 Players Defense
Defense Defense Time % Phy DF OF
1 Sheldon Brookbank Zbynek Michalek 60 0 5 0
2 Garnet Exelby Niklas Hjalmarsson 40 0 5 0
4 vs 4 Forward
Center Wing Time % Phy DF OF
1 Darroll Powe Nathan Gerbe 60 1 2 2
2 Eric Fehr Mats Zuccarello 40 1 2 2
4 vs 4 Defense
Defense Defense Time % Phy DF OF
1 Zbynek Michalek Niklas Hjalmarsson 60 1 2 2
2 Marco Scandella Garnet Exelby 40 1 2 2
Last Minutes Offensive
Center Left Wing Right Wing Defense Defense
Darroll Powe Nathan Gerbe Chris Thorburn Garnet Exelby Sheldon Brookbank
Last Minutes Defensive
Center Left Wing Right Wing Defense Defense
Darroll Powe Chris Thorburn Eric Fehr Zbynek Michalek Sheldon Brookbank
Goaltenders
Starting : Jonas Gustavsson
Backup : Dany Sabourin
Extra Forwards
Normal : Eric Fehr, Gustav Nyquist, Nick Palmieri - PP : Nathan Gerbe, Chris Thorburn - PK : Nick Palmieri
Extra Defensemen
Normal : Marco Scandella, Zbynek Michalek, Garnet Exelby - PP : Zbynek Michalek - PK : Marco Scandella, Zbynek Michalek
Penalty Shots
Nathan Gerbe, Mats Zuccarello, Eric Fehr, Darroll Powe, Chris Thorburn
Spitfire
5 vs 5 Forward
Center Left Wing Right Wing Time % Phy DF OF
1 Kris Beech Tim Kennedy Denis Shvidki 40 1 2 2
2 MacGregor Sharp Paul Bissonnette Erik Condra 30 1 2 2
3 Denis Shvidki Radek Smolenak Brad Staubitz 20 1 2 2
4 Kris Beech Tony Lucia Raymond Sawada 10 1 2 2
5 vs 5 Defense
Defense Defense Time % Phy DF OF
1 Mathieu Roy Keaton Ellerby 40 1 2 2
2 Danny Syvret Andrew Campbell 30 1 2 2
3 Michael Stone Matt Delahey 20 1 2 2
4 Eric Mestery Mathieu Roy 10 1 2 2
PowerPlay Forward
Center Left Wing Right Wing Time % Phy DF OF
1 Kris Beech Tim Kennedy Denis Shvidki 60 1 2 2
2 MacGregor Sharp Paul Bissonnette Erik Condra 40 1 2 2
PowerPlay Defense
Defense Defense Time % Phy DF OF
1 Mathieu Roy Keaton Ellerby 60 1 2 2
2 Danny Syvret Andrew Campbell 40 1 2 2
Penalty Kill 4 Players Forward
Center Wing Time % Phy DF OF
1 Denis Shvidki Kris Beech 60 1 2 2
2 Tim Kennedy Erik Condra 40 1 2 2
Penalty Kill 4 Players Defense
Defense Defense Time % Phy DF OF
1 Mathieu Roy Keaton Ellerby 60 1 2 2
2 Danny Syvret Andrew Campbell 40 1 2 2
Penalty Kill - 3 Players Forward
Forward Time % Phy DF OF
1 Denis Shvidki 60 1 2 2
2 Kris Beech 40 1 2 2
Penalty Kill - 3 Players Defense
Defense Defense Time % Phy DF OF
1 Mathieu Roy Keaton Ellerby 60 1 2 2
2 Danny Syvret Andrew Campbell 40 1 2 2
4 vs 4 Forward
Center Wing Time % Phy DF OF
1 Denis Shvidki Kris Beech 60 1 2 2
2 Tim Kennedy Erik Condra 40 1 2 2
4 vs 4 Defense
Defense Defense Time % Phy DF OF
1 Mathieu Roy Keaton Ellerby 60 1 2 2
2 Danny Syvret Andrew Campbell 40 1 2 2
Last Minutes Offensive
Center Left Wing Right Wing Defense Defense
Kris Beech Tim Kennedy Denis Shvidki Mathieu Roy Keaton Ellerby
Last Minutes Defensive
Center Left Wing Right Wing Defense Defense
Kris Beech Tim Kennedy Denis Shvidki Mathieu Roy Keaton Ellerby
Goaltenders
Starting : Todd Ford
Backup : Yann Danis
Extra Forwards
Normal : Brad Staubitz, Raymond Sawada, Radek Smolenak - PP : Brad Staubitz, Raymond Sawada - PK : Radek Smolenak
Extra Defensemen
Normal : Michael Stone, Matt Delahey, Eric Mestery - PP : Michael Stone - PK : Matt Delahey, Eric Mestery
Penalty Shots
Denis Shvidki, Kris Beech, Tim Kennedy, Erik Condra, Brad Staubitz
% Time on Ice - Knights
Lines # - Real PCT - Wanted PCT - Time Play
Normal Forward
1 - 36% - 40% - 18:57
2 - 28% - 30% - 14:30
3 - 18% - 15% - 9:20
4 - 18% - 15% - 9:17
Normal Defense
1 - 39% - 40% - 20:03
2 - 29% - 30% - 15:09
3 - 25% - 20% - 12:54
4 - 8% - 10% - 3:58
PP Forward
1 - 56% - 60% - 2:14
2 - 44% - 40% - 1:44
PP Defense
1 - 65% - 60% - 2:35
2 - 35% - 40% - 1:23
PK Forward
1 - 78% - 60% - 3:05
2 - 22% - 40% - 0:53
PK Defense
1 - 55% - 60% - 2:11
2 - 45% - 40% - 1:47
PK3 Forward
1 - 0% - 60%
2 - 0% - 40%
PK3 Defense
1 - 0% - 60%
2 - 0% - 40%
44 Forward
1 - 0% - 60%
2 - 0% - 40%
44 Defense
1 - 0% - 60%
2 - 0% - 40%
Last Minute Offensive - 0:00
Last Minute Defensive - 0:00
Total
Forward - 60:00
Defense - 60:00
|
% Time on Ice - Spitfire
Lines # - Real PCT - Wanted PCT - Time Play
Normal Forward
1 - 34% - 40% - 17:32
2 - 34% - 30% - 17:52
3 - 17% - 20% - 8:58
4 - 15% - 10% - 7:42
Normal Defense
1 - 35% - 40% - 18:17
2 - 31% - 30% - 16:01
3 - 26% - 20% - 13:26
4 - 8% - 10% - 4:20
PP Forward
1 - 51% - 60% - 2:01
2 - 49% - 40% - 1:57
PP Defense
1 - 58% - 60% - 2:17
2 - 42% - 40% - 1:41
PK Forward
1 - 90% - 60% - 3:35
2 - 10% - 40% - 0:23
PK Defense
1 - 62% - 60% - 2:27
2 - 38% - 40% - 1:31
PK3 Forward
1 - 0% - 60%
2 - 0% - 40%
PK3 Defense
1 - 0% - 60%
2 - 0% - 40%
44 Forward
1 - 0% - 60%
2 - 0% - 40%
44 Defense
1 - 0% - 60%
2 - 0% - 40%
Last Minute Offensive - 0:00
Last Minute Defensive - 0:00
Total
Forward - 60:00
Defense - 60:00
|
Play by Play
1st period
0:01 of 1st period - Darroll Powe wins face-off versus Kris Beech in neutral zone.
0:12 of 1st period - Wrist shot by Nathan Gerbe.
0:12 of 1st period - Shot Blocked by Keaton Ellerby.
0:26 of 1st period - Zbynek Michalek is hit by MacGregor Sharp and loses puck.
1:05 of 1st period - Kris Beech is hit by Marco Scandella and loses puck.
1:12 of 1st period - Snap shot by Nick Palmieri.
1:12 of 1st period - Deflect By Joe Colborne.
1:12 of 1st period - Stopped by Todd Ford with a rebound.
1:14 of 1st period - Slapshot by Garnet Exelby.
1:14 of 1st period - Deflect By Kris Beech.
1:14 of 1st period - Stopped by Todd Ford without a rebound.
1:15 of 1st period - MacGregor Sharp wins face-off versus Darroll Powe in Spitfire zone.
1:15 of 1st period - MacGregor Sharp is hit by Tomas Kundratek.
1:31 of 1st period - Slapshot by Nathan Gerbe.
1:31 of 1st period - Stopped by Todd Ford without a rebound.
1:32 of 1st period - Kris Beech wins face-off versus Zack Hamill in Spitfire zone.
1:32 of 1st period - Kris Beech is hit by Eric Fehr.
1:52 of 1st period - Mathieu Roy is hit by Zack Hamill and loses puck.
2:11 of 1st period - Snap shot by Nick Palmieri.
2:11 of 1st period - Deflect By Mathieu Roy.
2:11 of 1st period - Shot Blocked by Mathieu Roy.
2:11 of 1st period - Puck is out of play.
2:12 of 1st period - Darroll Powe wins face-off versus MacGregor Sharp in Spitfire zone.
2:37 of 1st period - Garnet Exelby is hit by Matt Delahey and loses puck.
3:30 of 1st period - Wrist shot by Chris Thorburn.
3:30 of 1st period - Shot Misses the Net.
3:32 of 1st period - Slapshot by Niklas Hjalmarsson.
3:32 of 1st period - Shot Misses the Net.
3:34 of 1st period - Wrist shot by Niklas Hjalmarsson.
3:34 of 1st period - Stopped by Todd Ford with a rebound.
3:36 of 1st period - Slapshot by Niklas Hjalmarsson.
3:36 of 1st period - Stopped by Todd Ford with a rebound.
3:38 of 1st period - Wrist shot by Darroll Powe.
3:38 of 1st period - Stopped by Todd Ford with a rebound.
3:40 of 1st period - Snap shot by Chris Thorburn.
3:40 of 1st period - Deflect By Mathieu Roy.
3:40 of 1st period - Stopped by Todd Ford without a rebound.
3:41 of 1st period - Zack Hamill wins face-off versus Kris Beech in Spitfire zone.
4:52 of 1st period - Wrist shot by Kris Beech.
4:52 of 1st period - Shot Blocked by Nick Palmieri.
5:38 of 1st period - Denis Shvidki is hit by Darroll Powe and loses puck.
5:48 of 1st period - Icing by Kris Beech.
5:49 of 1st period - Mikael Backlund wins face-off versus MacGregor Sharp in Spitfire zone.
5:54 of 1st period - Wrist shot by Mikael Backlund.
5:54 of 1st period - Stopped by Todd Ford without a rebound.
5:55 of 1st period - Mikael Backlund wins face-off versus MacGregor Sharp in Spitfire zone.
6:16 of 1st period - Slapshot by Sheldon Brookbank.
6:16 of 1st period - Stopped by Todd Ford with a rebound.
6:18 of 1st period - Slapshot by Sheldon Brookbank.
6:18 of 1st period - Shot Misses the Net.
6:32 of 1st period - Slapshot by Paul Bissonnette.
6:32 of 1st period - Shot Misses the Net.
7:04 of 1st period - Snap shot by Mikael Backlund.
7:04 of 1st period - Stopped by Todd Ford with a rebound.
7:58 of 1st period - Snap shot by Erik Condra.
7:58 of 1st period - Stopped by Jonas Gustavsson without a rebound.
7:59 of 1st period - Kris Beech wins face-off versus Darroll Powe in Knights zone.
8:06 of 1st period - Snap shot by Kris Beech.
8:06 of 1st period - Shot Misses the Net.
8:08 of 1st period - Wrist shot by Kris Beech.
8:08 of 1st period - Shot Misses the Net.
8:10 of 1st period - Slapshot by Kris Beech.
8:10 of 1st period - Stopped by Jonas Gustavsson without a rebound.
8:11 of 1st period - Kris Beech wins face-off versus Darroll Powe in Knights zone.
8:38 of 1st period - Marco Scandella is hit by Brad Staubitz.
9:19 of 1st period - Penalty Shot by Joe Colborne for Knights.
9:19 of 1st period - Wrist shot by Joe Colborne.
9:19 of 1st period - Goal by Joe Colborne - Knights : 1 - Spitfire : 0.
9:20 of 1st period - Darroll Powe wins face-off versus Kris Beech in neutral zone.
9:21 of 1st period - Kris Beech wins face-off versus Darroll Powe in Knights zone.
9:24 of 1st period - Snap shot by Denis Shvidki.
9:24 of 1st period - Shot Blocked by Niklas Hjalmarsson.
9:26 of 1st period - Wrist shot by Kris Beech.
9:26 of 1st period - Shot Misses the Net.
9:28 of 1st period - Backhand shot by Kris Beech.
9:28 of 1st period - Shot Misses the Net.
9:30 of 1st period - Wrist shot by Denis Shvidki.
9:30 of 1st period - Shot Misses the Net.
9:46 of 1st period - Mathieu Roy is hit by Niklas Hjalmarsson and loses puck.
9:56 of 1st period - Off-side.
9:57 of 1st period - Kris Beech wins face-off versus Darroll Powe in neutral zone.
10:06 of 1st period - Snap shot by Chris Thorburn.
10:06 of 1st period - Stopped by Todd Ford with a rebound.
10:08 of 1st period - Snap shot by Zbynek Michalek.
10:08 of 1st period - Stopped by Todd Ford with a rebound.
10:10 of 1st period - Wrist shot by Chris Thorburn.
10:10 of 1st period - Shot Misses the Net.
10:12 of 1st period - Snap shot by Darroll Powe.
10:12 of 1st period - Stopped by Todd Ford with a rebound.
10:46 of 1st period - Snap shot by Denis Shvidki.
10:46 of 1st period - Stopped by Jonas Gustavsson with a rebound.
10:48 of 1st period - Snap shot by Radek Smolenak.
10:48 of 1st period - Stopped by Jonas Gustavsson with a rebound.
10:50 of 1st period - Snap shot by Brad Staubitz.
10:50 of 1st period - Shot Blocked by Niklas Hjalmarsson.
11:12 of 1st period - Wrist shot by Erik Condra.
11:12 of 1st period - Stopped by Jonas Gustavsson with a rebound.
11:14 of 1st period - Slapshot by Mathieu Roy.
11:14 of 1st period - Deflect By Erik Condra.
11:14 of 1st period - Stopped by Jonas Gustavsson without a rebound.
11:15 of 1st period - MacGregor Sharp wins face-off versus Zack Hamill in Knights zone.
11:39 of 1st period - Denis Shvidki is hit by Garnet Exelby and loses puck.
11:44 of 1st period - Snap shot by Chris Thorburn.
11:44 of 1st period - Stopped by Todd Ford with a rebound.
12:19 of 1st period - Michael Stone is hit by A.J. Jenks and loses puck.
12:36 of 1st period - Michael Stone is hit by Marco Scandella and loses puck.
12:55 of 1st period - Slapshot by Erik Condra.
12:55 of 1st period - Stopped by Jonas Gustavsson without a rebound.
12:56 of 1st period - Denis Shvidki wins face-off versus Darroll Powe in Knights zone.
13:01 of 1st period - Snap shot by Denis Shvidki.
13:01 of 1st period - Stopped by Jonas Gustavsson without a rebound.
13:02 of 1st period - Kris Beech wins face-off versus Darroll Powe in Knights zone.
13:07 of 1st period - Wrist shot by Tim Kennedy.
13:07 of 1st period - Deflect By Denis Shvidki.
13:07 of 1st period - Stopped by Jonas Gustavsson with a rebound.
13:50 of 1st period - Backhand shot by Joe Colborne.
13:50 of 1st period - Deflect By Mathieu Roy.
13:50 of 1st period - Stopped by Todd Ford with a rebound.
14:34 of 1st period - Icing by Niklas Hjalmarsson.
14:35 of 1st period - Denis Shvidki wins face-off versus Zack Hamill in Knights zone.
14:42 of 1st period - Snap shot by Paul Bissonnette.
14:42 of 1st period - Stopped by Jonas Gustavsson with a rebound.
14:48 of 1st period - Snap shot by Erik Condra.
14:48 of 1st period - Deflect By MacGregor Sharp.
14:48 of 1st period - Shot Blocked by Niklas Hjalmarsson.
14:48 of 1st period - Puck is out of play.
14:49 of 1st period - Darroll Powe wins face-off versus Kris Beech in Knights zone.
15:34 of 1st period - Snap shot by Nick Palmieri.
15:34 of 1st period - Shot Misses the Net.
16:20 of 1st period - Icing by Danny Syvret.
16:21 of 1st period - MacGregor Sharp wins face-off versus Zack Hamill in Spitfire zone.
16:32 of 1st period - Paul Bissonnette is hit by Tomas Kundratek and loses puck.
17:20 of 1st period - Snap shot by Paul Bissonnette.
17:20 of 1st period - Stopped by Jonas Gustavsson without a rebound.
17:21 of 1st period - Darroll Powe wins face-off versus Kris Beech in Knights zone.
17:21 of 1st period - Darroll Powe is hit by Andrew Campbell.
17:29 of 1st period - Tim Kennedy is hit by Sheldon Brookbank and loses puck.
17:46 of 1st period - Brad Staubitz is hit by Zbynek Michalek and loses puck.
17:55 of 1st period - Marco Scandella is hit by Radek Smolenak and loses puck.
19:32 of 1st period - Snap shot by Chris Thorburn.
19:32 of 1st period - Deflect By Darroll Powe.
19:32 of 1st period - Goal by Darroll Powe - Knights : 2 - Spitfire : 0.
19:33 of 1st period - Kris Beech wins face-off versus Darroll Powe in neutral zone.
19:44 of 1st period - Snap shot by Darroll Powe.
19:44 of 1st period - Stopped by Todd Ford with a rebound.
19:46 of 1st period - Wrist shot by Darroll Powe.
19:46 of 1st period - Shot Misses the Net.
19:48 of 1st period - Slapshot by Zbynek Michalek.
19:48 of 1st period - Stopped by Todd Ford with a rebound.
Goals for this period are 2 for Knights vs 0 for Spitfire.
Shots for this period are 18 for Knights vs 11 for Spitfire.
2nd period
0:01 of 2nd period - Kris Beech wins face-off versus Nathan Gerbe in neutral zone.
0:54 of 2nd period - Wrist shot by Nick Palmieri.
0:54 of 2nd period - Stopped by Todd Ford without a rebound.
0:55 of 2nd period - Kris Beech wins face-off versus Joe Colborne in Spitfire zone.
1:02 of 2nd period - Slapshot by Garnet Exelby.
1:02 of 2nd period - Shot Blocked by Danny Syvret.
1:04 of 2nd period - Wrist shot by Joe Colborne.
1:04 of 2nd period - Stopped by Todd Ford without a rebound.
1:05 of 2nd period - Darroll Powe wins face-off versus Kris Beech in Spitfire zone.
1:16 of 2nd period - Snap shot by Chris Thorburn.
1:16 of 2nd period - Shot Blocked by Kris Beech.
1:18 of 2nd period - Snap shot by Chris Thorburn.
1:18 of 2nd period - Stopped by Todd Ford without a rebound.
1:19 of 2nd period - Kris Beech wins face-off versus Darroll Powe in Spitfire zone.
2:08 of 2nd period - Wrist shot by Raymond Sawada.
2:08 of 2nd period - Stopped by Jonas Gustavsson with a rebound.
2:10 of 2nd period - Snap shot by Tony Lucia.
2:10 of 2nd period - Stopped by Jonas Gustavsson with a rebound.
2:12 of 2nd period - Slapshot by Andrew Campbell.
2:12 of 2nd period - Shot Misses the Net.
2:14 of 2nd period - Slapshot by Andrew Campbell.
2:14 of 2nd period - Stopped by Jonas Gustavsson without a rebound.
2:15 of 2nd period - Darroll Powe wins face-off versus Denis Shvidki in Knights zone.
2:41 of 2nd period - Wrist shot by Nick Palmieri.
2:41 of 2nd period - Stopped by Todd Ford with a rebound.
3:10 of 2nd period - Snap shot by Raymond Sawada.
3:10 of 2nd period - Stopped by Jonas Gustavsson without a rebound.
3:11 of 2nd period - Darroll Powe wins face-off versus Kris Beech in Knights zone.
3:11 of 2nd period - Darroll Powe is hit by Mathieu Roy.
4:12 of 2nd period - Raymond Sawada is hit by Mikael Backlund and loses puck.
4:21 of 2nd period - Slapshot by Garnet Exelby.
4:21 of 2nd period - Shot Blocked by Tony Lucia.
4:23 of 2nd period - Slapshot by Garnet Exelby.
4:23 of 2nd period - Stopped by Todd Ford without a rebound.
4:24 of 2nd period - MacGregor Sharp wins face-off versus Darroll Powe in Spitfire zone.
4:38 of 2nd period - Snap shot by Erik Condra.
4:38 of 2nd period - Shot Hit the Post.
4:40 of 2nd period - Backhand shot by Mathieu Roy.
4:40 of 2nd period - Deflect By Erik Condra.
4:40 of 2nd period - Goal by Erik Condra - Knights : 2 - Spitfire : 1.
4:41 of 2nd period - Kris Beech wins face-off versus Darroll Powe in neutral zone.
4:48 of 2nd period - Snap shot by Kris Beech.
4:48 of 2nd period - Stopped by Jonas Gustavsson with a rebound.
4:50 of 2nd period - Snap shot by Tim Kennedy.
4:50 of 2nd period - Stopped by Jonas Gustavsson without a rebound.
4:51 of 2nd period - Kris Beech wins face-off versus Darroll Powe in Knights zone.
4:55 of 2nd period - Minor Penalty to Sheldon Brookbank for Goalie Interference.
4:56 of 2nd period - Darroll Powe wins face-off versus Kris Beech in Knights zone.
6:07 of 2nd period - Tim Kennedy is hit by Eric Fehr and loses puck.
6:55 of 2nd period - Penalty to Sheldon Brookbank is over, Sheldon Brookbank is back on ice.
7:08 of 2nd period - Michael Stone is hit by Nick Palmieri and loses puck.
7:19 of 2nd period - Slapshot by Eric Fehr.
7:19 of 2nd period - Stopped by Todd Ford without a rebound.
7:20 of 2nd period - Zack Hamill wins face-off versus Brad Staubitz in Spitfire zone.
7:25 of 2nd period - Slapshot by Eric Fehr.
7:25 of 2nd period - Shot Misses the Net.
8:01 of 2nd period - Snap shot by Nathan Gerbe.
8:01 of 2nd period - Stopped by Todd Ford without a rebound.
8:02 of 2nd period - Kris Beech wins face-off versus Colton Gillies in Spitfire zone.
8:02 of 2nd period - Kris Beech is hit by Niklas Hjalmarsson.
8:53 of 2nd period - Garnet Exelby is hit by Mathieu Roy and loses puck.
9:04 of 2nd period - Minor Penalty to Tomas Kundratek for Interference.
9:05 of 2nd period - Kris Beech wins face-off versus Darroll Powe in Knights zone.
9:30 of 2nd period - Sheldon Brookbank is hit by Erik Condra and loses puck.
10:30 of 2nd period - Mikael Backlund is hit by Denis Shvidki and loses puck.
10:47 of 2nd period - Keaton Ellerby is hit by Chris Thorburn and loses puck.
11:04 of 2nd period - Penalty to Tomas Kundratek is over, Tomas Kundratek is back on ice.
11:25 of 2nd period - Brad Staubitz is hit by Tomas Kundratek and loses puck.
11:51 of 2nd period - Raymond Sawada is hit by Marco Scandella and loses puck.
12:20 of 2nd period - Matt Delahey is hit by Eric Fehr and loses puck.
12:25 of 2nd period - Wrist shot by Darroll Powe.
12:25 of 2nd period - Stopped by Todd Ford with a rebound.
12:40 of 2nd period - Slapshot by Mathieu Roy.
12:40 of 2nd period - Stopped by Jonas Gustavsson with a rebound.
13:11 of 2nd period - Wrist shot by Eric Fehr.
13:11 of 2nd period - Stopped by Todd Ford with a rebound.
13:13 of 2nd period - Snap shot by Garnet Exelby.
13:13 of 2nd period - Stopped by Todd Ford with a rebound.
13:15 of 2nd period - Wrist shot by Eric Fehr.
13:15 of 2nd period - Shot Blocked by Brad Staubitz.
13:17 of 2nd period - Backhand shot by Marco Scandella.
13:17 of 2nd period - Stopped by Todd Ford without a rebound.
13:18 of 2nd period - Denis Shvidki wins face-off versus Joe Colborne in Spitfire zone.
13:32 of 2nd period - Snap shot by Joe Colborne.
13:32 of 2nd period - Stopped by Todd Ford with a rebound.
13:46 of 2nd period - MacGregor Sharp is hit by Gustav Nyquist and loses puck.
15:21 of 2nd period - Tony Lucia is hit by Garnet Exelby and loses puck.
16:04 of 2nd period - Danny Syvret is hit by Joe Colborne.
16:54 of 2nd period - Joe Colborne is hit by Matt Delahey and loses puck.
17:20 of 2nd period - Icing by Michael Stone.
17:21 of 2nd period - Tony Lucia wins face-off versus Joe Colborne in Spitfire zone.
Goals for this period are 0 for Knights vs 1 for Spitfire.
Shots for this period are 12 for Knights vs 8 for Spitfire.
3rd period
0:01 of 3rd period - Kris Beech wins face-off versus Darroll Powe in neutral zone.
0:10 of 3rd period - Icing by Zbynek Michalek.
0:11 of 3rd period - Darroll Powe wins face-off versus Kris Beech in Knights zone.
0:44 of 3rd period - Minor Penalty to Erik Condra for Hooking.
0:45 of 3rd period - Denis Shvidki wins face-off versus Darroll Powe in Spitfire zone.
2:31 of 3rd period - Icing by Nathan Gerbe.
2:32 of 3rd period - MacGregor Sharp wins face-off versus Darroll Powe in Knights zone.
2:44 of 3rd period - Penalty to Erik Condra is over, Erik Condra is back on ice.
3:13 of 3rd period - Tomas Kundratek is hit by Paul Bissonnette and loses puck.
3:20 of 3rd period - Snap shot by Paul Bissonnette.
3:20 of 3rd period - Shot Misses the Net.
3:22 of 3rd period - Slapshot by MacGregor Sharp.
3:22 of 3rd period - Stopped by Jonas Gustavsson with a rebound.
4:10 of 3rd period - Slapshot by Nick Palmieri.
4:10 of 3rd period - Stopped by Todd Ford without a rebound.
4:11 of 3rd period - MacGregor Sharp wins face-off versus Darroll Powe in Spitfire zone.
4:34 of 3rd period - Niklas Hjalmarsson is hit by Tony Lucia and loses puck.
4:42 of 3rd period - Off-side.
4:43 of 3rd period - Denis Shvidki wins face-off versus Darroll Powe in neutral zone.
4:58 of 3rd period - Snap shot by Darroll Powe.
4:58 of 3rd period - Shot Misses the Net.
5:31 of 3rd period - Snap shot by Nick Palmieri.
5:31 of 3rd period - Shot Misses the Net.
5:33 of 3rd period - Wrist shot by Colton Gillies.
5:33 of 3rd period - Stopped by Todd Ford with a rebound.
6:07 of 3rd period - Snap shot by Erik Condra.
6:07 of 3rd period - Deflect By MacGregor Sharp.
6:07 of 3rd period - Deflect By Gustav Nyquist.
6:07 of 3rd period - Stopped by Jonas Gustavsson without a rebound.
6:08 of 3rd period - Mikael Backlund wins face-off versus Kris Beech in Knights zone.
6:15 of 3rd period - Slapshot by Kris Beech.
6:15 of 3rd period - Shot Misses the Net.
7:08 of 3rd period - Matt Delahey is hit by Joe Colborne and loses puck.
8:13 of 3rd period - Icing by A.J. Jenks.
8:14 of 3rd period - Gustav Nyquist wins face-off versus Brad Staubitz in Knights zone.
9:01 of 3rd period - Wrist shot by Joe Colborne.
9:01 of 3rd period - Deflect By Nick Palmieri.
9:01 of 3rd period - Shot Blocked by Matt Delahey.
9:01 of 3rd period - Puck is out of play.
9:02 of 3rd period - Darroll Powe wins face-off versus Denis Shvidki in Spitfire zone.
9:11 of 3rd period - Backhand shot by Brad Staubitz.
9:11 of 3rd period - Stopped by Jonas Gustavsson without a rebound.
9:12 of 3rd period - Denis Shvidki wins face-off versus Darroll Powe in Knights zone.
9:36 of 3rd period - Radek Smolenak is hit by Darroll Powe and loses puck.
10:25 of 3rd period - Snap shot by Denis Shvidki.
10:25 of 3rd period - Shot Misses the Net.
10:37 of 3rd period - Wrist shot by Nathan Gerbe.
10:37 of 3rd period - Goal by Nathan Gerbe - Knights : 3 - Spitfire : 1.
10:38 of 3rd period - Zack Hamill wins face-off versus MacGregor Sharp in neutral zone.
10:38 of 3rd period - Zack Hamill is hit by Erik Condra.
10:52 of 3rd period - Off-side.
10:53 of 3rd period - Kris Beech wins face-off versus Zack Hamill in neutral zone.
11:08 of 3rd period - Backhand shot by Tony Lucia.
11:08 of 3rd period - Shot Misses the Net.
11:26 of 3rd period - Slapshot by MacGregor Sharp.
11:26 of 3rd period - Shot Blocked by Marco Scandella.
11:28 of 3rd period - Wrist shot by Paul Bissonnette.
11:28 of 3rd period - Goal by Paul Bissonnette - Knights : 3 - Spitfire : 2.
11:29 of 3rd period - Nathan Gerbe wins face-off versus Kris Beech in neutral zone.
11:37 of 3rd period - Minor Penalty to Kris Beech for Roughing.
11:38 of 3rd period - Darroll Powe wins face-off versus Denis Shvidki in Spitfire zone.
12:04 of 3rd period - Radek Smolenak is hit by Zack Hamill and loses puck.
13:37 of 3rd period - Penalty to Kris Beech is over, Kris Beech is back on ice.
13:48 of 3rd period - Kris Beech is hit by Sheldon Brookbank and loses puck.
14:57 of 3rd period - Snap shot by Nathan Gerbe.
14:57 of 3rd period - Shot Blocked by Danny Syvret.
14:59 of 3rd period - Slapshot by Chris Thorburn.
14:59 of 3rd period - Goal by Chris Thorburn - Knights : 4 - Spitfire : 2.
15:00 of 3rd period - Zack Hamill wins face-off versus Raymond Sawada in neutral zone.
15:17 of 3rd period - Mathieu Roy is hit by Mats Zuccarello and loses puck.
16:31 of 3rd period - Nick Palmieri is hit by Mathieu Roy.
17:56 of 3rd period - Slapshot by Michael Stone.
17:56 of 3rd period - Stopped by Jonas Gustavsson with a rebound.
18:41 of 3rd period - Icing by Chris Thorburn.
18:42 of 3rd period - Mikael Backlund wins face-off versus Raymond Sawada in Knights zone.
19:26 of 3rd period - Denis Shvidki is hit by Marco Scandella and loses puck.
19:49 of 3rd period - Radek Smolenak is hit by Mikael Backlund.
Goals for this period are 2 for Knights vs 1 for Spitfire.
Shots for this period are 4 for Knights vs 5 for Spitfire.
Output by the SimonT Hockey Simulator (STHS) for François Prévost -- Original Page W3C XHTML 1.0 Valid